[Event "*** Titled Tuesday 3|2 Blitz"]
[Site "Chess.com"]
[Date "2016.06.07"]
[Round "3"]
[White "Usurpov"]
[Black "alturas_pacificas"]
[Result "0-1"]
[WhiteElo "2347"]
[BlackElo "2181"]
[TimeControl "180+2"]
[EndTime "11:36:45 PDT"]
[Termination "alturas_pacificas won by resignation"]

1. e4 g6 2. d4 Bg7 3. Nc3 d6 4.
f4 Nf6 5. Nf3 O-O 6. e5 dxe5 7.
dxe5 Qxd1+ 8. Kxd1 Ng4 9. Ke1 c6 10. Bc4 a5 11. a3 Na6 12. h3 Nh6 13. Be3 b5 14. Bd3 Bf5 15. Ne4 f6 16. g4 Bd7 17.
Rd1 fxe5 18. Nxe5 Be8 19. Ke2 Nf7 20. Nf3 Bxb2 21. c4 Bxa3 22. cxb5 cxb5 23. h4 Nd6 24. Neg5 Nc5 25. Bb1 Nc4 26. h5 Nxe3 27. Kxe3 Nb3 28. Ba2 a4 29. hxg6 Bxg6 30. f5 Bc5+ 31. Ke2 Bf7 32.
Nxh7 Bc4+ 33. Ke1 Rfd8 34. Nhg5 Rxd1+ 35. Kxd1 Rd8+ 36. Ke1 Rd4 37. Nxd4 Bxd4 38. Nf3 Bc3+ 39. Kf2 Bb4 40. Rc1 Bc5+ 41. Kg3 Nxc1 0-1

[Event "*** Titled Tuesday 3|2 Blitz"]
[Site "Chess.com"]
[Date "2016.06.07"]
[Round "3"]
[White "BjarkeSahl"]
[Black "dabee"]
[Result "1/2-1/2"]
[WhiteElo "2172"]
[BlackElo "2430"]
[TimeControl "180+2"]
[EndTime "11:36:48 PDT"]
[Termination "Game drawn by agreement"]

1. d4 e6 2. e4 d5 3. Nc3 dxe4 4.
Nxe4 Bd7 5. Nf3 Bc6 6. Bd3 Nd7 7.
c3 Ngf6 8. Nxf6+ Nxf6 9. O-O Bd6 10. Re1 Bxf3 11. Qxf3 c6 12. Bd2 O-O 13. Re2 Qc7 14.
g3 Rad8 15. Bg5 Be7 16. Bf4 Bd6 17. Bg5 Be7 18. Bf4 Qa5 19. b4 Qd5 20. Qxd5 cxd5 21. a4 Rc8 22. Bd2 Bd6 23. f4 g6 24. Kg2 h5 25. Kf3 Kg7 26. h3 Rh8 27. Rae1 Nd7 28. a5 a6 29. Rh1 Nb8 30. Reh2 Nc6 31. g4 hxg4+ 32. hxg4 Rxh2 33. Rxh2 f5 34. gxf5 exf5 35. Bb1 Be7 36. Ba2 Rd8 37. Be1 Na7 38. Re2 Kf7 39. Rxe7+ Kxe7 40. Bh4+ Kd7 41. Bxd8 Kxd8 42. Bxd5 Nb5 43.
Bxb7 Nxc3 44. Bxa6 Nd5 45. Bc4 Nxb4 46. Bf7 Nc6 47. Ke3 Ke7 48. Bxg6 Kf6 49. a6 Kxg6 50. d5 Na7 51. Kd4 Kf6 52. Kc5 Ke7 53. Kb6 Nc8+ 54. Kc7 Nd6 55. Kc6 Nc8 56. d6+ Kd8 57. d7 Na7+ 58.
Kd6 Nb5+ 59. Kc5 Nc7 60. Kd6 Nxa6 61. Ke6 Nc5+ 62. Kxf5 Nxd7 1/2-1/2

[Event "*** Titled Tuesday 3|2 Blitz"]
[Site "Chess.com"]
[Date "2016.06.07"]
[Round "3"]
[White "AndreyOstrovskiy"]
[Black "TomsKantans"]
[Result "0-1"]
[WhiteElo "2434"]
[BlackElo "2459"]
[TimeControl "180+2"]
[EndTime "11:36:50 PDT"]
[Termination "TomsKantans won on time"]

1. e4 c5 2. Nf3 Nf6 3. d3 Nc6 4. g3 g6 5. Bg2 Bg7 6. O-O O-O 7. Re1 e5 8. c3 h6 9. Nbd2 Re8 10. a4 d5 11. Qc2 Be6 12. exd5 Nxd5 13. Nc4 Qc7 14. h4 Rad8 15. h5 g5 16. Nfd2 f5 17. Nf3 Bf7 18.
Ne3 Nxe3 19. Bxe3 b6 20. g4 fxg4 21. Nh2 Bxh5 22. Nf1 Ne7 23. a5 Bg6 24. axb6 axb6 25.
Be4 Rf8 26. Ng3 Qd6 27. Ra7 Nd5 28. Qb3 Kh8 29. Rb7 Nxe3 30. Rxe3 Rb8 31. Ra7 h5 32. Bxg6 Qxg6 33. Qd5 h4 34. Ne4 Rbd8 35. Qb7 c4 36. dxc4 Rd1+ 37. Kg2 g3 0-1

[Event "*** Titled Tuesday 3|2 Blitz"]
[Site "Chess.com"]
[Date "2016.06.07"]
[Round "3"]
[White "yopino"]
[Black "Wolverine_master"]
[Result "1-0"]
[WhiteElo "2227"]
[BlackElo "2086"]
[TimeControl "180+2"]
[EndTime "11:36:58 PDT"]
[Termination "yopino won by resignation"]

1. e4 e5 2. Nf3 Nc6 3. d4 exd4 4. Nxd4 Bc5 5. Nxc6 Qf6 6. Qf3 Qxf3 7. gxf3 bxc6 8.
Be3 Bb6 9. c4 Bxe3 10. fxe3 Ne7 11. Nc3 Rb8 12. O-O-O d6 13. c5 d5 14. exd5 cxd5 15.
Nxd5 Nxd5 16. Rxd5 Be6 17. Rd4 Bxa2 18. Ra4 Bd5 19.
e4 Be6 20. Rxa7 c6 21. Rc7 O-O 22. Rxc6 Rb3 23. Be2 Rfb8 24. Rb6 R8xb6 25. cxb6 Rxb6 26. Rd1 Kf8 27. Rd4 Ke7 28. b4 g5 29. Kb2 Kf6 30. b5 Ke5 31. Ra4 Kf4 32. Ra3 g4 33. fxg4 Bxg4 34.
Bd3 Ke5 35. Kc3 Bf3 36. Ra4 h5 37. Rd4 h4 38. Rd5+ Kf4 39. Kd4 Bg2 40. Rf5+ Kg4 41. Kc5 Rb8 42. Rxf7 Kh3 43. Rh7 Kxh2 44. Rxh4+ Kg3 45.
Rh7 Kf4 46. b6 Bxe4 47. Bxe4 Kxe4 48. b7 Ke5 49. Kc6 Ke6 50. Kc7 1-0

[Event "*** Titled Tuesday 3|2 Blitz"]
[Site "Chess.com"]
[Date "2016.06.07"]
[Round "3"]
[White "pKiLz5Rn9b"]
[Black "dretch"]
[Result "1/2-1/2"]
[WhiteElo "2480"]
[BlackElo "2594"]
[TimeControl "180+2"]
[EndTime "11:37:04 PDT"]
[Termination "Game drawn by repetition"]

1. e4 e6 2. d4 d5 3. Nd2 c5 4. exd5 Qxd5 5. dxc5 Nf6 6. Ngf3 Qxc5 7. Bd3 Nbd7 8. Qe2 Qc7 9. c4 b6 10. b3 Bb7 11.
Bb2 Bd6 12. Rd1 O-O 13. O-O Rad8 14. Ne4 Be7 15. Rfe1 Nc5 16. Nxf6+ Bxf6 17. Bxf6 gxf6 18.
Bc2 Qf4 19. Nd2 Rd4 20. Nf1 Rfd8 21. b4 Ne4 22. Bxe4 Bxe4 23. Rxd4 Rxd4 24. Qe3 Qg5 25.
f3 Qxe3+ 26. Nxe3 Bd3 27. Rd1 e5 28. c5 Kf8 29. Kf2 Ke7 30. cxb6 axb6 31. a4 Ke6 32. g4 Ba6 33. b5 Bb7 34. Rc1 Kd7 35. Rd1 Ke6 36.
Rc1 Rd2+ 37. Kg3 Rd3 38. Rc7 Ba8 39. Kf2 Rd2+ 40. Kg3 Rd3 41. Kf2 Rd2+ 42. Kg3 Rd3 43. Kf2 Rd2+ 44. Kg3 Rd3 45. Kf2 Rd2+ 46. Kg3 1/2-1/2

[Event "*** Titled Tuesday 3|2 Blitz"]
[Site "Chess.com"]
[Date "2016.06.07"]
[Round "3"]
[White "norwaytoadog"]
[Black "SabinaFoisor"]
[Result "0-1"]
[WhiteElo "2051"]
[BlackElo "2204"]
[TimeControl "180+2"]
[EndTime "11:37:12 PDT"]
[Termination "SabinaFoisor won by checkmate"]

1. e4 e5 2. Nf3 Nc6 3. Nc3 Nf6 4. Bb5 d6 5. O-O Be7 6. d4 exd4 7. Nxd4 Bd7 8.
Bxc6 bxc6 9. b3 c5 10. Nde2 O-O 11. Bb2 Bc6 12. Qd3 a5 13. a4 Bb7 14. Rad1 Nd7 15. f4 Bf6 16. e5 Be7 17. Qg3 f6 18. e6 Nb6 19. f5 d5 20. Nf4 Bd6 21. Qg4 d4 22. Nh5 Qe7 23. Ne4 Bxe4 24. Qxe4 Rad8 25. c3 c4 26. bxc4 Nxa4 27. Ba1 dxc3 28. Qc2 Qe8 29.
Nf4 Qc6 30. Nd5 Qxc4 31. e7 Bxe7 32. Nxe7+ Kf7 33. Rfe1 Rfe8 34. Ng6 hxg6 35. fxg6+ Kg8 36. Qf5 Rxe1+ 37. Rxe1 c2 38. Qh5 Qc5+ 39. Qxc5 Nxc5 40. Kf2 Nd3+ 41. Ke2 Nxe1 42. Bb2 c1=Q 43. Bxc1 Nd3 44. Be3 Ne5 45. g3 a4 46. Bc5 Rd5 47. Bb4 Rb5 48. Be7 c5 49. Kd2 Rb2+ 50. Kc1 Rxh2 51. Bxc5 Rg2 52. Bb4 Nd3+ 53. Kb1 Nxb4 54. Ka1 a3 55. g4 Rg1# 0-1

[Event "*** Titled Tuesday 3|2 Blitz"]
[Site "Chess.com"]
[Date "2016.06.07"]
[Round "3"]
[White "platy3"]
[Black "Boryboy"]
[Result "1/2-1/2"]
[WhiteElo "2685"]
[BlackElo "2542"]
[TimeControl "180+2"]
[EndTime "11:37:21 PDT"]
[Termination "Game drawn by agreement"]

1. e4 e6 2. d4 d5 3. Nd2 Be7 4. Ngf3 Nf6 5. e5 Nfd7 6. Bd3 c5 7. c3 Nc6 8. O-O g5 9. dxc5 Nxc5 10. Bb5 Nd7 11. Re1 Qc7 12. Nd4 a6 13. Ba4 Nc5 14. Bc2 Nxe5 15. Qh5 Ncd3 16. Bxd3 Nxd3 17. Re3 Nf4 18. Qh6 Bd7 19. N2f3 O-O-O 20. Ne5 Be8 21. g3 Bf8 22. Qf6 Rg8 23. Kf1 Bg7 24. Qxg5 Bxe5 25.
Qxe5 Qxe5 26. Rxe5 Nd3 27. Rh5 e5 28. Nf5 Kb8 29. Rxh7 Bb5 30. Kg2 f6 31. Be3 Rge8 32.
b3 Bc6 33. Kg1 d4 34. cxd4 Be4 35. Rh5 exd4 36. Nxd4 Ne5 37. Ne2 Bf3 38. Nf4 Bxh5 39.
Nxh5 Re6 40. Bf4 Ka7 41. Nxf6 Nf3+ 42. Kg2 Ne1+ 43. Kf1 Nc2 44. Rc1 Nb4 45. Be3+ Ka8 1/2-1/2

[Event "*** Titled Tuesday 3|2 Blitz"]
[Site "Chess.com"]
[Date "2016.06.07"]
[Round "3"]
[White "annakantane"]
[Black "StoreySniper"]
[Result "0-1"]
[WhiteElo "2116"]
[BlackElo "2322"]
[TimeControl "180+2"]
[EndTime "11:37:25 PDT"]
[Termination "StoreySniper won by resignation"]

1. e4 g6 2. d4 Bg7 3. Nc3 c5 4. Nf3 Qa5 5. Be3 Nf6 6. Bd3 Nc6 7. O-O cxd4 8. Nxd4 d6 9. h3 Bd7 10. Nb3 Qc7 11. Bg5 Be6 12. Re1 h6 13. Bxf6 Bxf6 14. Nd5 Bxd5 15. exd5 Ne5 16. Bb5+ Kf8 17. c3 Kg7 18.
Nd2 Rac8 19. Ne4 Qb6 20. Qe2 a6 21. Ba4 Rc4 22. Bb3 Rc7 23. Kh1 Nd7 24. Rad1 Nc5 25. Nxf6 exf6 26. Bc4 Na4 27. Bb3 Nc5 28. Bc4 Nd7 29.
Bd3 Ne5 30. Bb1 Nc4 31. b3 Na3 32. c4 Nxb1 33. Rxb1 Qc5 34. Qe3 b5 35. cxb5 Qxb5 36. Qd4 Rc5 37. Rbd1 Rhc8 38. Kh2 Rc2 39. Rd2 Rxd2 40.
Qxd2 Rc5 41. Rd1 Qb7 42. Qd4 Qc7 43. Rd2 Qe7 44. Rd3 Qe5+ 45. Qxe5 fxe5 46. Rd2 f5 47. a4 a5 48. Rb2 Rxd5 49. b4 axb4 50. Rxb4 Ra5 51.
Kg3 Kf6 52. Kf3 Ke6 53. Ke3 f4+ 54. Kd3 Rd5+ 55. Kc3 Rd1 56. Rb2 Rc1+ 57. Kb4 Rc8 58.
Ra2 Rb8+ 59. Kc3 d5 60. a5 d4+ 61. Kc4 Rc8+ 62. Kb5 e4 63. a6 Kd5 64. a7 Ra8 65.
Kb6 d3 66. Kb7 Rxa7+ 67. Kxa7 e3 68. fxe3 fxe3 69. Ra5+ Kc4 70. Kb6 d2 71. Rc5+ Kd4 72. Kc6 e2 73. Rd5+ Ke3 74. Re5+ Kf2 75. Rd5 d1=Q 0-1

[Event "*** Titled Tuesday 3|2 Blitz"]
[Site "Chess.com"]
[Date "2016.06.07"]
[Round "3"]
[White "cassoulet"]
[Black "Mvpag"]
[Result "1-0"]
[WhiteElo "2322"]
[BlackElo "2128"]
[TimeControl "180+2"]
[EndTime "11:37:40 PDT"]
[Termination "cassoulet won by resignation"]

1. e4 e5 2. Nf3 d6 3. d4 exd4 4.
Qxd4 Nf6 5. Bg5 Be7 6. Nc3 O-O 7. O-O-O a6 8. h3 b5 9. Qe3 Nfd7 10. Bxe7 Qxe7 11. Nd5 Qd8 12. e5 Re8 13. Qc3 Nc5 14. exd6 cxd6 15. Bd3 Be6 16. Nf4 Nxd3+ 17. Rxd3 Bc4 18.
Rd2 Nd7 19. Rxd6 Qe7 20. Rhd1 Nf6 21. b3 Be6 22. Nxe6 fxe6 23. Qe5 Rac8 24. Ng5 Qc7 25. R1d2 Qc3 26. Qxc3 Rxc3 27. Rxe6 Rxe6 28. Nxe6 Ne4 29.
Re2 Nf6 30. Kb2 Rc6 31. Nd4 Rd6 32. c3 Kf7 33. f4 b4 34. Nf3 bxc3+ 35. Kxc3 Nd5+ 36.
Kc4 Nxf4 37. Ne5+ Kg8 38. Rf2 Ne6 39. b4 h6 40. a4 Rd4+ 41. Kc3 Re4 42. Nd3 Nd4 43. g4 Ne2+ 44. Kd2 Nd4 45. Rf4 Rxf4 46. Nxf4 Kf7 47. Kc3 Nc6 48. b5 axb5 49. axb5 Nb8 50.
Kd4 g5 51. Nd5 Ke6 52. Kc5 Nd7+ 53. Kc4 Kd6 54. Kd4 Ne5 55. Ne3 Nf3+ 56. Kc4 Ng1 57. Nf5+ Kc7 58. Kc5 Nxh3 59. b6+ Kb7 60. Nd6+ Kb8 61.
Nf5 Nf2 62. Nxh6 Ne4+ 63. Kd5 Nc3+ 64. Kc6 Ne4 65. Nf7 Nf6 66. Ne5 Kc8 67. b7+ Kb8 68. Kb6 Nd5+ 69. Kc5 Nf6 70. Kc6 Ka7 71. Kc7 Nd5+ 72.
Kc8 Nb6+ 73. Kc7 Nd5+ 74. Kc6 Ne7+ 75. Kd6 Ng8 76. Kc7 Ka6 77. b8=Q 1-0

[Event "*** Titled Tuesday 3|2 Blitz"]
[Site "Chess.com"]
[Date "2016.06.07"]
[Round "3"]
[White "162a54f5d"]
[Black "WanderingPuppet"]
[Result "0-1"]
[WhiteElo "2164"]
[BlackElo "2271"]
[TimeControl "180+2"]
[EndTime "11:37:48 PDT"]
[Termination "WanderingPuppet won by resignation"]

1. d4 Nf6 2. c4 g6 3. Nc3 Bg7 4. e4 d6 5. Be2 O-O 6. Bg5 Nbd7 7. Qd2 a6 8. Nf3 c6 9. O-O b5 10. a3 bxc4 11. Bxc4 d5 12. Bd3 dxe4 13. Nxe4 Nb6 14. Rac1 Bg4 15. Ne5 Qxd4 16. Bxf6 exf6 17. Nxc6 Qd7 18.
Qe3 Nd5 19. Qd4 Be6 20. Qa4 Rfc8 21. Rfd1 f5 22. Ng5 Nb6 23. Qb4 Rxc6 24. Bc2 Rxc2 25. Qxb6 Qd2 26. Qe3 Rd8 27. h4 Rxc1 28. Rxc1 Qxe3 29.
fxe3 Bxb2 30. Rc6 Bxa3 31. Nxe6 fxe6 32. Rxa6 Bc5 33. Rxe6 Kf7 34. Re5 Bb6 35. Kf2 f4 36. Kf3 Bxe3 37. g4 h6 38. h5 gxh5 39. Rxh5 Kg6 40. Rb5 Rf8 41. Rb7 Rf6 42. Rc7 Rd6 43. Re7 Kf6 44. Rh7 Kg6 45. Re7 Rd2 46. Re6+ Kg7 47. Re7+ Kf6 48. Rh7 Rf2+ 49. Ke4 Kg6 50. Rc7 Kg5 51. Rf7 Kxg4 52. Rf6 Kg5 53. Rf8 Rd2 54.
Kf3 Rd6 55. Rg8+ Rg6 56. Rd8 h5 57. Rd5+ Kh6 58. Rd1 Rg3+ 59. Ke4 Kg5 60. Rd8 Kg4 61. Rh8 h4 62. Rg8+ Kh3 63. Rh8 Rg4 64. Rh7 Kg3 65. Rh6 h3 66. Rg6 Rxg6 0-1

[Event "*** Titled Tuesday 3|2 Blitz"]
[Site "Chess.com"]
[Date "2016.06.07"]
[Round "3"]
[White "Ksenia_Legenko"]
[Black "saraswathii"]
[Result "0-1"]
[WhiteElo "2016"]
[BlackElo "1935"]
[TimeControl "180+2"]
[EndTime "11:37:50 PDT"]
[Termination "saraswathii won by resignation"]

1. d4 Nc6 2. c4 e5 3. e3 Nf6 4.
Nc3 d6 5. Nf3 e4 6. Ng5 Bf5 7.
Qb3 Rb8 8. Qa4 Qd7 9. d5 Ne5 10. Qxd7+ Nexd7 11. Nb5 a6 12. Nxc7+ Ke7 13. c5 Nxc5 14. b4 Ncd7 15. b5 Rc8 16. bxa6 Rxc7 17. a7 Rc8 18. Bb2 Ra8 19. Bd4 b6 20. Be2 Rxa7 21. O-O h6 22. Nh3 Bxh3 23. gxh3 Nxd5 24. Rfc1 Nc5 25. Bc4 Nc7 26. Rab1 Rb7 27. Be2 N7e6 28. Bc3 Rg8 29. a4 Nxa4 30. Bb4 Nac5 31. Bc4 Kd7 32. Bd5 Rb8 33. Bxe6+ fxe6 34. Kg2 Nd3 35. Rc4 Nxb4 36. Rcxb4 d5 37. Rxb6 Rxb6 38. Rxb6 Bd6 39. Ra6 Rc8 40.
Ra2 Rc3 41. Ra7+ Bc7 42. Ra2 e5 43. Rd2 Ke6 44. Ra2 d4 45. exd4 exd4 46. Rb2 Kf5 47.
Ra2 d3 48. Rb2 Rc2 49. Rb5+ Be5 50. Rd5 Ke6 51. Rd8 d2 52. h4 Bd6 53. Re8+ Kd5 0-1

[Event "*** Titled Tuesday 3|2 Blitz"]
[Site "Chess.com"]
[Date "2016.06.07"]
[Round "3"]
[White "Iball95"]
[Black "FairChess_on_YouTube"]
[Result "0-1"]
[WhiteElo "2468"]
[BlackElo "2707"]
[TimeControl "180+2"]
[EndTime "11:37:54 PDT"]
[Termination "FairChess_on_YouTube won by resignation"]

1. e4 c6 2. d4 d5 3. Nd2 dxe4 4. Nxe4 Bf5 5. Nc5 b6 6. Nb3 Nf6 7. Nf3 e6 8. g3 a5 9. a3 a4 10. Nbd2 b5 11. Bg2 Be7 12. O-O Nd5 13. c3 Nd7 14.
Re1 O-O 15. h3 h6 16. Ne5 Nxe5 17. Rxe5 Bf6 18. Re1 Qc7 19. Ne4 Be7 20. Qf3 Rad8 21. Qe2 Rfe8 22. Bd2 Bf8 23. Qf3 c5 24. Nxc5 Bxc5 25.
dxc5 Qxc5 26. Bf4 Bc2 27. Be5 f6 28. Bd4 Qc4 29. Rac1 Qb3 30. Qe2 Bh7 31. Bf1 Rb8 32. Rcd1 Bf5 33. Bg2 Rbd8 34. Bf1 Rb8 35. Bg2 Kh7 36. h4 Qc4 37. Qf3 Kh8 38. Rd2 Ne7 39. g4 Bh7 40. Qe2 e5 41. Ba7 Rbd8 42. Bb6 Rxd2 43.
Qxd2 Qxg4 44. Qe2 Qxe2 45. Rxe2 Bd3 46. Rd2 e4 47. f3 f5 48. fxe4 fxe4 49. Bd4 Nf5 50. Bf2 Bc4 51. Rd1 e3 52. Be1 e2 53.
Rd7 Ne3 54. Bh3 Nc2 55. Bd2 e1=Q+ 56. Bxe1 Nxe1 57. Kf2 Nd3+ 58. Kf3 Ne5+ 0-1

[Event "*** Titled Tuesday 3|2 Blitz"]
[Site "Chess.com"]
[Date "2016.06.07"]
[Round "3"]
[White "AlexanderL"]
[Black "Lukianoo"]
[Result "1/2-1/2"]
[WhiteElo "2593"]
[BlackElo "2605"]
[TimeControl "180+2"]
[EndTime "11:37:55 PDT"]
[Termination "Game drawn - insufficient material"]

1. d4 Nf6 2. c4 e6 3. Nc3 Bb4 4.
Qc2 O-O 5. Nf3 c5 6. dxc5 Bxc5 7.
Bg5 h6 8. Bh4 Nc6 9. e3 b6 10.
Rd1 Bb7 11. Be2 Qe7 12. Bxf6 Qxf6 13. Rxd7 Nb4 14. Qb1 Bc6 15. Rd1 Rad8 16. O-O a5 17.
a3 Na6 18. Qc2 Nc7 19. h3 e5 20. Rxd8 Rxd8 21. Rd1 Rxd1+ 22. Bxd1 Qe6 23. Nd2 f5 24. Be2 Qf6 25. Nb3 Bf8 26. c5 Bxc5 27. Nxc5 bxc5 28. Na4 f4 29. e4 Ne6 30. Bc4 Kh7 31. Bxe6 Qxe6 32. Nxc5 Qd6 33. Qc3 a4 34. f3 Bb5 35.
Kh2 h5 36. b3 axb3 37. Nxb3 Qxa3 38. Qxe5 Qxb3 39. Qxh5+ Kg8 40. Qe5 Bd7 41. Qxf4 Qd3 42. Qg5 Qd6+ 43. e5 Qd5 44. h4 Kf7 45. h5 Qe6 46. Kg3 Qe7 47. Qxe7+ Kxe7 48. Kf4 Ke6 49. g4 Be8 50. Kg5 Kxe5 51. f4+ Ke6 52. h6 gxh6+ 53.
Kxh6 Kf6 54. f5 Bd7 55. g5+ Kxf5 56. g6 Be6 57. g7 Kf6 58. g8=Q Bxg8 1/2-1/2

[Event "*** Titled Tuesday 3|2 Blitz"]
[Site "Chess.com"]
[Date "2016.06.07"]
[Round "3"]
[White "andretta"]
[Black "eltenedor"]
[Result "1-0"]
[WhiteElo "2180"]
[BlackElo "2055"]
[TimeControl "180+2"]
[EndTime "11:37:55 PDT"]
[Termination "andretta won on time"]

1. b3 c5 2. Bb2 Nc6 3. e3 a6 4. Nf3 d6 5. d4 cxd4 6. exd4 e6 7. d5 exd5 8. Qxd5 Be6 9. Qd2 d5 10.
Bd3 Nf6 11. O-O Ne4 12. Qe2 Qc7 13. Nbd2 Nxd2 14. Nxd2 Bd6 15. Nf3 O-O-O 16. c4 Rhe8 17. Rfe1 Re7 18. Rac1 Bg4 19. Qf1 Bxf3 20. Rxe7 Qxe7 21.
gxf3 d4 22. Qh3+ Kb8 23. Be4 Ne5 24. Rd1 Bc5 25. Qg3 Ka7 26. Bd5 Qf6 27. a3 Rxd5 28.
cxd5 Nxf3+ 29. Kg2 Nh4+ 30. Kg1 Nf5 31. Qg4 Qe5 32.
b4 Bb6 33. a4 a5 34. bxa5 Bc5 35. Qf3 g5 36. Bc1 g4 37. Qf4 Qxd5 38. Qxg4 d3 39. Be3 Nxe3 40. fxe3 Bxe3+ 41. Kf1 d2 42. Ke2 Bh6 43. Qf3 Qe5+ 44. Kf2 Qd4+ 45. Kg2 Qxa4 46. Qf2+ Ka6 47. Qf1+ Kxa5 48. Ra1 d1=Q 49. Qxd1 1-0

[Event "*** Titled Tuesday 3|2 Blitz"]
[Site "Chess.com"]
[Date "2016.06.07"]
[Round "3"]
[White "underdogchss"]
[Black "GMBenjaminBok"]
[Result "0-1"]
[WhiteElo "2335"]
[BlackElo "2605"]
[TimeControl "180+2"]
[EndTime "11:38:09 PDT"]
[Termination "GMBenjaminBok won by resignation"]

1. d4 Nf6 2. Nf3 g6 3. c4 Bg7 4.
Nc3 d5 5. cxd5 Nxd5 6. e4 Nxc3 7. bxc3 O-O 8. Be3 c5 9. Rc1 Bg4 10. d5 Bxf3 11. gxf3 Nd7 12. f4 Qa5 13. Qd2 Nb6 14.
c4 Qa3 15. Be2 Rad8 16. O-O e6 17. Kh1 Rfe8 18. Bd3 exd5 19. exd5 Nxd5 20. cxd5 Rxd5 21. Rfd1 Red8 22. Qe2 Rxd3 23. Rxd3 Qxd3 24. Qxd3 Rxd3 25. Rxc5 Rd8 26. Rc7 Bd4 27. Rxb7 Bxe3 28. fxe3 Rd1+ 29. Kg2 Rd2+ 30. Kg3 Rxa2 31. e4 a5 32. Ra7 a4 33. e5 a3 34. Kh3 Ra1 35. Kg2 Kf8 36.
Kh3 a2 37. Kg2 Ke8 38. h3 Kd8 39. h4 h5 40. Ra5 Kd7 41. Ra6 Kc7 42. Kh2 Kb7 43. Ra3 Kc6 44. Kg2 Kd5 45. Ra4 Ke6 46. Ra7 Kd5 47. Ra4 Kc5 48. Ra8 Kd4 49. Ra7 Ke4 50.
Ra4+ Ke3 51. Kh2 Kf3 52. Ra7 Re1 53. Ra3+ Re3 54. Rxa2 Re2+ 55. Rxe2 Kxe2 56. Kg2 Ke3 57. Kg3 Ke4 0-1

[Event "*** Titled Tuesday 3|2 Blitz"]
[Site "Chess.com"]
[Date "2016.06.07"]
[Round "3"]
[White "severomorskij"]
[Black "matej2221"]
[Result "1-0"]
[WhiteElo "2594"]
[BlackElo "2441"]
[TimeControl "180+2"]
[EndTime "11:38:12 PDT"]
[Termination "severomorskij won by resignation"]

1. d4 d5 2. c4 c6 3. Nc3 Nf6 4. e3 e6 5. Nf3 Nbd7 6. Bd3 dxc4 7. Bxc4 b5 8. Bd3 Bd6 9. O-O O-O 10. b3 a6 11. Bb2 Qe7 12. a4 Bb7 13. Qe2 h6 14. Rac1 Rfe8 15. h3 e5 16. dxe5 Nxe5 17. Nxe5 Qxe5 18.
g3 Qe6 19. Kh2 Bc8 20. Qf3 Qxh3+ 21. Kg1 Ng4 22. Qg2 Qxg2+ 23. Kxg2 Nf6 24. Ne2 Be6 25. Bxf6 gxf6 26. Be4 Rac8 27. Nd4 Bxb3 28. Bxc6 Rxc6 29. Nxc6 bxa4 30. Rc3 Bd5+ 31. f3 a3 32. e4 Be6 33.
Rd3 Bf8 34. Ra1 a2 35. Nd8 Bc4 36. Rd4 Bb3 37. Rd3 Bc4 38. Rc3 Bb5 39. Nc6 Bxc6 40.
Rxc6 Rb8 41. Rxa2 Ra8 42. Rcxa6 Rxa6 43. Rxa6 Kg7 44. g4 Bc5 45. Kg3 Be3 46. Kh4 Bg5+ 47. Kg3 Be3 48. Rc6 Bd4 49. Kf4 Bb2 50. Kf5 Bd4 51. f4 Bb2 52. Rc7 Bd4 53. Rd7 Bb2 54. Rb7 Bc3 55. e5 fxe5 56. fxe5 Kg8 57. Rc7 Bd2 58. Rc6 Bg5 59. Rc7 Kf8 60. e6 fxe6+ 61. Kxe6 Kg8 62. Kf5 Kf8 63. Kg6 Kg8 64. Rc8+ 1-0

[Event "*** Titled Tuesday 3|2 Blitz"]
[Site "Chess.com"]
[Date "2016.06.07"]
[Round "3"]
[White "akinov-akinseye"]
[Black "playerzr"]
[Result "0-1"]
[WhiteElo "1695"]
[BlackElo "1951"]
[TimeControl "180+2"]
[EndTime "11:38:14 PDT"]
[Termination "playerzr won by resignation"]

1. e4 c5 2. Nf3 Nc6 3. g3 g6 4.
Bg2 Bg7 5. O-O d6 6. d3 Nf6 7. c3 O-O 8. Be3 Bg4 9. Nbd2 Ne5 10. Qc2 Nfd7 11. h3 Nxf3+ 12. Nxf3 Bxf3 13. Bxf3 Rc8 14. Bg2 a6 15. f4 b5 16. Kh2 e6 17. Qe2 b4 18. Rac1 Qa5 19. cxb4 cxb4 20. b3 Rc3 21. Bd2 Qxa2 22. Qe1 Rxc1 23. Qxc1 Nc5 24. Bxb4 Nxd3 25. Qc4 Nxb4 26. Qxb4 Rc8 27. Qxd6 Rc2 28. Qd8+ Bf8 29.
Rg1 Qxb3 30. e5 Qb2 31. Qa8 Kg7 32. Qxa6 Bc5 33. Qb7 Bxg1+ 34. Kxg1 Qxb7 35. Bxb7 h5 36. Be4 h4 37. gxh4 Rc4 38. Bf3 Rxf4 39. Kf2 Rxh4 40.
Kg3 Ra4 41. h4 Ra5 42. Kf4 Ra4+ 43. Be4 Kh6 44. Ke3 Kh5 45. Bf3+ Kxh4 46. Bc6 Rb4 47. Be8 Rb7 48. Bc6 Rc7 49. Be8 g5 50. Kf3 Kh3 51. Bb5 g4+ 52. Kf2 Kh2 53. Bf1 g3+ 54. Kf3 Rc3+ 55.
Kg4 Rc1 56. Ba6 g2 0-1

[Event "*** Titled Tuesday 3|2 Blitz"]
[Site "Chess.com"]
[Date "2016.06.07"]
[Round "3"]
[White "kereswasbest"]
[Black "Makalexa"]
[Result "0-1"]
[WhiteElo "2120"]
[BlackElo "2165"]
[TimeControl "180+2"]
[EndTime "11:38:25 PDT"]
[Termination "Makalexa won by resignation"]

1. d4 Nf6 2. c4 g6 3. Nc3 Bg7 4. e4 d6 5. Nf3 O-O 6. Be2 e5 7. O-O Nc6 8. d5 Ne7 9. Qb3 b6 10. a4 a5 11. Qa3 Nh5 12. b4 f5 13.
bxa5 Rxa5 14. Nd2 Nf6 15. Nb3 Ra8 16. Bd3 f4 17. a5 f3 18. Qb2 bxa5 19. Rxa5 Rb8 20.
Nb5 c6 21. dxc6 Nxc6 22. Ra4 fxg2 23. Kxg2 Qd7 24. f3 Nd4 25. N3xd4 exd4 26. Kh1 Qh3 27. Qg2 Qh5 28. Qg5 Bh3 29. Qxh5 Nxh5 30. Rf2 Be5 31. Bf1 Bg4 32. Bg2 Bd7 33. Ra5 Rf7 34.
Ba3 Rf6 35. Bf1 Rbf8 36. c5 Rxf3 37. Bc4+ Kg7 38. Rxf3 Rxf3 39. Ra7 Rf2 40. Rxd7+ Kh6 41. Bc1+ g5 42. Bg8 Rxh2+ 43. Kg1 Nf6 44. Rxd6 Bxd6 45. cxd6 Rc2 46. d7 Nxd7 47. Ba3 d3 48. Bb3 Re2 49. Kf1 Nf6 50. Bc4 Nxe4 51. Bxd3 Ng3+ 52. Kg1 Re3 53. Bc5 Rxd3 54. Bf8+ Kh5 55. Kg2 Nf5 56. Kf2 g4 57.
Nc7 Rd2+ 58. Kg1 g3 59. Ne6 Kg4 60. Bb4 Rb2 61. Be1 Rb1 62. Kf1 Ne3+ 63. Ke2 Nd5 64.
Nd4 Nf4+ 65. Kf1 g2+ 66. Kf2 Rxe1 0-1

[Event "*** Titled Tuesday 3|2 Blitz"]
[Site "Chess.com"]
[Date "2016.06.07"]
[Round "3"]
[White "Rumpel-VK"]
[Black "rookoco"]
[Result "1/2-1/2"]
[WhiteElo "2438"]
[BlackElo "2465"]
[TimeControl "180+2"]
[EndTime "11:38:26 PDT"]
[Termination "Game drawn - insufficient material"]

1. e4 c5 2. g3 d5 3. exd5 Qxd5 4.
Nf3 Bg4 5. Bg2 Qe6+ 6. Kf1 Nc6 7. d3 Qd7 8. h3 Bh5 9. Kg1 f6 10. Kh2 Bf7 11. Re1 e5 12. c3 Bd6 13. d4 O-O-O 14.
dxe5 Nxe5 15. Nxe5 Bxe5 16. Qxd7+ Rxd7 17. Be3 b6 18. a4 Bd5 19. a5 Bxg2 20. Kxg2 Kb7 21. Na3 Ne7 22. axb6 axb6 23. Nb5 Nc6 24. f4 Bb8 25.
Rad1 Rhd8 26. Rxd7+ Rxd7 27. Kf3 Na5 28. b4 cxb4 29.
cxb4 Nc6 30. Rb1 Rd5 31. Nc3 Rd3 32. Ne2 f5 33. g4 Ne7 34. Kf2 Nd5 35. Bd4 g6 36. gxf5 gxf5 37. Be5 Bxe5 38. fxe5 Re3 39. Rg1 Rxe5 40. Rg7+ Re7 41. Rxe7+ Nxe7 42. Nd4 Nc6 43. Nxf5 Nxb4 44. Nd6+ Kc6 45. Ne4 Nd5 46. Ng5 Nf6 47.
Ke3 Kd5 48. Kd3 h6 49. Nf3 Nh5 50. Ke3 b5 51. Nd4 b4 52. Nf5 Kc4 53. Kd2 Kb3 54.
Nxh6 Ka2 55. Ng4 b3 56. Nf2 Nf4 57. h4 Nd5 58. Nd3 Ka3 59. h5 Nf4 60. h6 Nxd3 61. h7 b2 62. h8=Q b1=Q 63. Qc3+ Qb3 64. Qxb3+ Kxb3 1/2-1/2

[Event "*** Titled Tuesday 3|2 Blitz"]
[Site "Chess.com"]
[Date "2016.06.07"]
[Round "3"]
[White "Malev212"]
[Black "howitzer14"]
[Result "1/2-1/2"]
[WhiteElo "2231"]
[BlackElo "2713"]
[TimeControl "180+2"]
[EndTime "11:38:36 PDT"]
[Termination "Game drawn - insufficient material"]

1. Nf3 d5 2. g3 g6 3. Bg2 Bg7 4. O-O e5 5. d3 Ne7 6. e4 O-O 7. Nc3 dxe4 8. dxe4 h6 9. Be3 Be6 10.
Qxd8 Rxd8 11. Nb5 Na6 12. Rfd1 c6 13. Nxa7 Nb4 14. Ne1 Bf8 15. c3 Na6 16. a4 Bb3 17.
Rxd8 Rxd8 18. Bf1 Nb8 19. a5 f6 20. Nd3 Na6 21. Nc5 Nxc5 22. Bxc5 Rd2 23. a6 bxa6 24. Kg2 Rxb2 25. Rxa6 Bc2 26. Kf3 Bd1+ 27. Kg2 Bc2 28. Kf3 f5 29. Bc4+ Kg7 30. exf5 gxf5 31. Bd6 Be4+ 32.
Ke3 Nd5+ 33. Bxd5 Bxd6 34. Bxe4 Bc5+ 35. Kd3 fxe4+ 36. Kxe4 Re2+ 37. Kd3 Rxf2 38. Nxc6 Rxh2 39. Nxe5 Rh3 40. Rg6+ Kh7 41. Ke4 Bf8 42. c4 Bg7 43. Rg4 h5 44. Rh4 Rxg3 45. Rxh5+ Kg8 46. c5 Rc3 47. Nd3 Rc4+ 48. Ke3 Kf7 49. Rf5+ Ke6 50. Rf1 Bh6+ 51. Ke2 Rc2+ 52. Kf3 Rc4 53. Rh1 Bg7 54. Rh7 Bd4 55. Nf4+ Kf6 56. Rh6+ Kg5 57. Rh5+ Kf6 58.
Nd5+ Ke6 59. Nf4+ Kf6 60. c6 Be5 61. Nd3 Bd6 62. Rh6+ Ke7 63. Nf2 Rxc6 64. Ne4 Rb6 65. Rxd6 Rxd6 66. Nxd6 1/2-1/2